 Dungeon Crawl Stone Soup version 0.29.1-1-gd02db69 (webtiles) character file.

Game seed: 6697689089760437473

221 RaoulCrankyPants the Chopper (level 5, -2/46 HPs)
             Began as a Hill Orc Fighter on Apr 15, 2023.
             Was a Believer of Sif Muna.
             Slain by Duvessa
             ... wielding a +0 rapier
              (3 damage)
             ... on level 5 of the Dungeon.
             The game lasted 00:35:43 (2629 turns).

RaoulCrankyPants the Chopper (Hill Orc Fighter)     Turns: 2629, Time: 00:35:43

Health: -2/46      AC: 10    Str: 21    XL:     5   Next: 98%
Magic:  5/5        EV: 10    Int:  8    God:    Sif Muna [**....]
Gold:   182        SH:  0    Dex: 10    Spells: 4/4 levels left

rFire   x . .      SeeInvis .   a - +0 war axe
rCold   + . .      Faith    .   t - orb {light}
rNeg    . . .      Spirit   .   C - +3 ring mail of the Bedazzled God {Rampage Will+ rCorr}
rPois   .          Reflect  .   (no helmet)
rElec   .          Harm     .   A - +0 cloak
rCorr   +          Rampage  +   (no gloves)
Will    +....                   (no boots)
Stlth   ..........              V - amulet of the acrobat
HPRegen 0.15/turn               g - ring of wizardry
MPRegen 0.09/turn               n - ring of ice

@: glowing
A: no striking features
a: Renounce Religion, Channel Magic


You were on level 5 of the Dungeon.
You worshipped Sif Muna.
Sif Muna was pleased with you.
You visited 1 branch of the dungeon, and saw 5 of its levels.

You collected 182 gold pieces.

Inventory:

Hand Weapons
 a - a +0 war axe (weapon)
 e - a +0 sling
 f - a +0 club
 h - a +0 whip
 j - a +0 whip
 k - a +0 dagger
 l - a +0 short sword
 m - a +0 dagger
 q - a +0 mace
 s - a +0 mace
 u - a +0 dagger
 v - a +0 club
 w - a +0 falchion
 E - a +0 club
 H - a +0 hand axe
 L - a +0 dagger
 M - a +0 dagger
 N - a +0 dagger
 O - a +0 quarterstaff
 P - a +0 short sword
 S - a +0 flail
 U - a +0 spear
 W - a +0 short sword
Missiles
 i - 55 stones (quivered)
Armour
 b - a +0 scale mail
 c - a +0 buckler
 o - a +0 ring mail
 p - a +0 leather armour
 t - an orb of light (worn)
 x - a +0 robe
 y - a +0 ring mail
 z - a +0 ring mail
 A - a +0 cloak (worn)
 C - the +3 ring mail of the Bedazzled God (worn) {Rampage Will+ rCorr}
   (You found it on level 3 of the Dungeon)

   rCorr:     It protects you from acid and corrosion.
   Rampage:   It bestows one free step when moving towards enemies.
   Will:      It increases your willpower.
 I - a +0 leather armour
 J - a +0 robe
 K - a +0 robe
 Q - a +0 ring mail
 X - a +0 leather armour
Magical Staves
 F - a staff of death
Jewellery
 g - a ring of wizardry (left hand)
 n - a ring of ice (right hand)
 V - an amulet of the acrobat (around neck)
Scrolls
 r - a scroll of torment
 D - a scroll of teleportation
 R - a scroll of vulnerability
 T - a scroll of fear
Potions
 d - 3 potions of might
 B - a potion of curing
 G - a potion of flight


   Skills:
 + Level 4.2 Fighting
 + Level 5.9 Axes
 + Level 4.5 Armour
 + Level 0.5 Dodging
 + Level 3.8 Shields


You had 4 spell levels left.
You didn't know any spells.
Your spell library contained the following spells:

 Spells                   Type           Power      Damage    Failure   Level
 Sublimation of Blood     Necr           0%         N/A       38%         2
 Wereblood                Tmut           0%         N/A       38%         2
 Summon Hydra             Summ           0%         N/A       100%        7


Dungeon Overview and Level Annotations

Branches:
Dungeon (5/15)             Temple (0/1) D:5

Altars:
Qazlal
Sif Muna
Wu Jian
The Shining One

Shops:
D:5 *

Annotations:
D:5 Dowan, Duvessa


Message History

Duvessa is moderately wounded.
Duvessa hits you but does no damage.
Dowan points at you and mumbles some strange words.
The puff of frost hits you. You resist.
You hit Duvessa but do no damage.
Duvessa is moderately wounded.
Duvessa closely misses you.
You hit Duvessa but do no damage.
Duvessa is moderately wounded.
Duvessa barely misses you.
Duvessa says, "My weaknesses are his strengths!"
Duvessa barely misses you. Dowan barely misses you.
You hit Duvessa but do no damage.
Duvessa is moderately wounded.
You hit Dowan. Duvessa hits you with a +0 rapier.
Dowan points at you and mumbles some strange words.
The puff of frost misses you.
You hit Duvessa.
Duvessa is heavily wounded.
You hit Dowan but do no damage. Duvessa closely misses you.
Dowan hits you with a +0 dagger.
You hit Duvessa.
Duvessa is heavily wounded.
You closely miss Dowan. Duvessa hits you but does no damage.
Dowan casts a spell at you. The puff of flame hits you!!
The fire burns you terribly!
You completely miss Duvessa.
Duvessa is heavily wounded.
You barely miss Dowan. Duvessa barely misses you. Dowan closely misses you.
You hit Duvessa.
Duvessa is severely wounded.
You hit Dowan but do no damage. Duvessa hits you with a +0 rapier.
* * * LOW HITPOINT WARNING * * *
Dowan points at you and mumbles some strange words.
The puff of frost hits you. You resist.
* * * LOW HITPOINT WARNING * * *
Dowan hits you with a +0 dagger.
* * * LOW HITPOINT WARNING * * *
Duvessa hits you with a +0 rapier.
You die...

#.....### #.....#
#.....# #.....#
#..†..# #.....#
#######.....####
......ee.........
.......@>........
.................
.................
.................
.................
###.8.#.......$.#
..............
.8.>.8........


You could see Duvessa and Dowan.

Vanquished Creatures
  A crimson imp (D:3)
  2 orc wizards (D:4)
  8 adders
  A white imp (D:4)
  5 orcs
  4 bats
  7 endoplasms
  2 giant cockroaches
  3 goblins
  3 hobgoblins
  4 kobolds
  A quokka (D:4)
  4 ball pythons
  3 frilled lizards
  A goblin zombie (D:3)
  2 hobgoblin zombies (D:3)
  An orc skeleton (D:3)
  An orc zombie (D:3)
  7 rats
60 creatures vanquished.

Vanquished Creatures (others)
  5 toadstools (D:1)
5 creatures vanquished.

Grand Total: 65 creatures vanquished

Notes
Turn   | Place    | Note
-------+----------+-------------------------------------------
     0 | D:1      | RaoulCrankyPants the Hill Orc Fighter began the quest for
                  | the Orb.
     0 | D:1      | Reached XP level 1. HP: 19/19 MP: 1/1
   188 | D:1      | Reached XP level 2. HP: 27/27 MP: 2/2
   320 | D:1      | Found a faded altar of an unknown god.
   332 | D:1      | Prayed at the altar of an unknown god.
   332 | D:1      | Became a worshipper of Sif Muna the Loreminder
   332 | D:1      | Reached * piety under Sif Muna
   819 | D:3      | Found a glowing golden altar of the Shining One.
   819 | D:3      | Noticed a crimson imp
   828 | D:3      | Reached skill level 3 in Axes
   868 | D:3      | Killed a crimson imp
   869 | D:3      | Reached XP level 3. HP: 30/33 MP: 3/3
   954 | D:3      | Reached XP level 4. HP: 40/40 MP: 4/4
  1264 | D:3      | Reached ** piety under Sif Muna
  1325 | D:3      | Reached skill level 4 in Axes
  1549 | D:3      | Identified the +3 ring mail of the Bedazzled God {Rampage
                  | Will+ rCorr}
  1615 | D:3      | Found a stormy altar of Qazlal.
  1836 | D:4      | Reached XP level 5. HP: 38/46 MP: 5/5
  1843 | D:4      | Reached skill level 5 in Axes
  2263 | D:4      | Found an ornate altar of the Wu Jian Council.
  2565 | D:5      | Entered Level 5 of the Dungeon
  2565 | D:5      | Found a staircase to the Ecumenical Temple.
  2581 | D:5      | Noticed Duvessa
  2582 | D:5      | Found Gutiumoh's General Store.
  2582 | D:5      | Noticed Dowan
  2629 | D:5      | HP: 1/46 [Dowan/+0 dagger (6)]
  2629 | D:5      | Slain by Duvessa

Illustrated notes

Levels and vault maps discovered:
D:1:      ldierk_walled_garden, layout_loops_ring,
          hellmonk_ecumenical_altar_prayer_group
D:2:      layout_basic, serial_shops, shop_fountains
D:3:      layout_loops_ring, nicolae_tso_besieged_by_evil,
          grunt_qazlal_sundering, chequers_serial_rivers_large_b,
          minmay_fractal_squares_diagonal_5
D:4:      layout_loops_cross, nzn_wu_jian_contemplation
D:5:      layout_gridville, minmay_temple_entry_statues_pillars, serial_shops,
          nicolae_shop_statue_plus, eino_small_chamber_without_monster,
          bh_walls_and_bars, uniq_duvessa

Skill      XL: |  1  2  3  4  5 |
---------------+----------------+-----
Fighting       | 4 |  4.2
Axes           | 3 4 5 |  5.9
Armour         | 4 |  4.5
Dodging        | |  0.5
Shields        | |  3.8

Action                   |  1- 3 |  4- 6 || total
-------------------------+-------+-------++-------
Melee: War axe           |    60 |   111 ||   171
  Use: Scroll            |     2 |     4 ||     6
       Potion            |     3 |     1 ||     4
Armor: Scale mail        |    23 |    36 ||    59
       Ring mail         |       |    18 ||    18
Dodge: Dodged            |    24 |    65 ||    89
Block: Buckler           |     9 |    10 ||    19
